 Dungeon Crawl Stone Soup version 0.28-a0-687-gb91baff9cc (webtiles) character file.

Game seed: 1042642212661529996

120908 kae the Black Belt (level 16, -12/146 HPs)
             Began as a Purple Draconian Transmuter on Oct 19, 2021.
             Was the Champion of Wu Jian.
             Shot with an arrow by a deep elf archer (18 damage)
             ... on level 1 of the Elven Halls.
             The game lasted 00:40:14 (30312 turns).

kae the Black Belt (Purple Draconian Transmuter)   Turns: 30312, Time: 00:40:15

Health: -12/146    AC: 12    Str: 14    XL:     16   Next: 31%
Magic:  32/37      EV: 17    Int: 16    God:    Wu Jian [******]
Gold:   2718       SH:  0    Dex: 15    Spells: 11/31 levels left

rFire   + . .      SeeInvis .     - Unarmed
rCold   . . .      Faith    .   (shield currently unavailable)
rNeg    . . .      Spirit   .   (armour unavailable)
rPois   .          Reflect  .   (helmet restricted)
rElec   .          Harm     .   w - +2 cloak
rCorr   +          Rampage  .   (gloves currently unavailable)
Will    +++..                   (no boots)
Stlth   +.........              (no amulet)
HPRegen 0.00/turn               I - ring of willpower
MPRegen 0.25/turn               z - ring of Jituf {rF+ rCorr MP+9 Slay+2}

@: about to teleport, blade hands (expiring), very slightly contaminated,
inhibited regen
A: breathe power, AC +9, unfitting armour, cold-blooded, inhibited regeneration,
no potion heal 1
a: Breathe Dispelling Energy, End Transformation, Renounce Religion, Wall Jump,
Serpent's Lash, Heavenly Storm


You were on level 1 of the Elven Halls.
You worshipped Wu Jian.
Wu Jian was exalted by your worship.
You had blades for hands.
You visited 5 branches of the dungeon, and saw 25 of its levels.
You visited the Abyss 1 time.
You also visited: Ossuary.

You collected 3262 gold pieces.
You spent 544 gold pieces at shops.

Inventory:

Missiles
 f - 3 throwing nets
Armour
 w - a +2 cloak (worn)
 E - a +0 pair of gloves of strength (melded)
Jewellery
 c - an amulet of regeneration
 g - an amulet of magic regeneration
 h - a ring of ice
 j - a +6 ring of strength
 t - a ring of resist corrosion
 z - the ring of Jituf (right blade hand) {rF+ rCorr MP+9 Slay+2}
   (You found it on level 9 of the Dungeon)

   [ring of resist corrosion]

   Slay:      It affects your accuracy & damage with ranged weapons and melee
   (+2).
   rF:        It protects you from fire.
   MP:        It affects your magic capacity (+9).
   rCorr:     It protects you from acid and corrosion.
 B - a ring of see invisible
 H - a ring of ice
 I - a ring of willpower (left blade hand)
 Q - an amulet of reflection
 R - a +4 ring of protection
Wands
 p - a wand of paralysis (21)
 r - a wand of iceblast (47)
 s - a wand of charming (14)
 u - a wand of digging (3)
 C - a wand of flame (38)
 F - a wand of acid (15)
 G - a wand of mindburst (26)
 M - a wand of polymorph (9)
Scrolls
 m - a scroll of holy word
 n - 4 scrolls of enchant weapon
 x - 8 scrolls of amnesia
 y - 6 scrolls of teleportation
 A - 7 scrolls of identify
 D - a scroll of silence
 K - a scroll of blinking
 N - a scroll of enchant armour
 O - a scroll of fog
 P - a scroll of torment {unknown}
Potions
 a - 2 potions of ambrosia
 b - 6 potions of attraction
 d - 2 potions of berserk rage
 e - 14 potions of curing
 i - 4 potions of cancellation
 k - 4 potions of degeneration
 l - 5 potions of flight
 o - 2 potions of magic
 q - 7 potions of brilliance
 v - 4 potions of lignification
 L - a potion of might
 S - a potion of invisibility {unknown}
Miscellaneous
 J - a piece from Xom's chessboard (15/15)


   Skills:
 - Level 14.1 Fighting
 - Level 10.0 Dodging
 + Level 18.9 Unarmed Combat
 - Level 8.0 Spellcasting
 + Level 14.3 Transmutations
 - Level 5.0 Ice Magic
 - Level 2.0 Poison Magic


You had 11 spell levels left.
You knew the following spells:

 Your Spells              Type           Power      Damage    Failure   Level
a - Beastly Appendage     Tmut           100%       N/A       4%          1
b - Spider Form           Tmut/Pois      16%        N/A       16%         3
c - Ice Form              Ice/Tmut       37%        N/A       21%         4
d - Blade Hands           Tmut           25%        N/A       14%         5
e - Dragon Form           Tmut           25%        N/A       69%         7

Your spell library contained the following spells:

 Spells                   Type           Power      Damage    Failure   Level
 Wereblood                Tmut           51%        N/A       5%          2
 Ignite Poison            Fire/Tmut/Pois 23%        N/A       28%         3
 Frozen Ramparts          Ice            44%        1d6       30%         3
 Ozocubu's Armour         Ice            22%        N/A       30%         3
 Foxfire                  Conj/Fire      24%        2x1d5     47%         1
 Magic Dart               Conj           24%        1d4       47%         1
 Poisonous Vapours        Pois/Air       18%        N/A       47%         2
 Irradiate                Conj/Tmut      14%        3d18      56%         5
 Corpse Rot               Necr/Air       12%        N/A       58%         2
 Slow                     Hex            6%         N/A       58%         2
 Confusing Touch          Hex            6%         N/A       75%         3
 Conjure Flame            Conj/Fire      6%         6-21      75%         3
 Gell's Gravitas          Tloc           3%         N/A       75%         3
 Inner Flame              Hex/Fire       6%         N/A       75%         3
 Stone Arrow              Conj/Erth      12%        3d7       75%         3
 Teleport Other           Tloc           6%         N/A       75%         3
 Vampiric Draining        Necr           3%         2d6       75%         3
 Summon Ice Beast         Ice/Summ       14%        N/A       78%         4
 Airstrike                Air            3%         N/A       96%         4
 Flame Wave               Conj/Fire      6%         3d4       96%         4
 Sticky Flame             Conj/Fire      6%         2d3       96%         4
 Summon Lightning Spire   Summ/Air       6%         N/A       96%         4
 Lightning Bolt           Conj/Air       3%         1d14      100%        5
 Silence                  Hex/Air        3%         N/A       100%        5
 Dispersal                Tloc           3%         N/A       100%        6
 Orb of Destruction       Conj           3%         9d1       100%        7
 Ozocubu's Refrigeration  Ice            11%        4d7       100%        7


Dungeon Overview and Level Annotations

Branches:
Dungeon (15/15)            Temple (1/1) D:7            Lair (6/6) D:10
  Swamp (0/4) Lair:4       Spider (0/4) Lair:3        Slime (0/5) Lair:6
    Orc (2/2) D:11            Elf (1/3) Orc:2        Vaults (0/5) D:14
 Depths (0/4) D:15        Ossuary (visited)

Altars:
Ashenzari
Cheibriados
Dithmenos
Elyvilon
Fedhas
Gozag
Hepliaklqana
Kikubaaqudgha
Makhleb
Nemelex Xobeh
Okawaru
Qazlal
Ru
Sif Muna
Trog
Uskayaw
Vehumet
Wu Jian
Xom
Yredelemnul
Zin
The Shining One
Jiyva

Shops:
D:4 !   D:10 :   D:12 (   D:13 =   Orc:2 (=[*

Annotations:
D:5 1 runed translucent door, SeagullWaffle's ghost, novice MfSu
Lair:1 2 runed translucent doors, Nov Bun's ghost, journeyman MiFi
Lair:6 1 exclusion


Innate Abilities, Weirdness & Mutations

You have blades for hands.
Your spellcasting is less reliable in this form.
You are incapable of wielding weapons or throwing items.
You can breathe bolts of dispelling energy.
Your rich purple scales are hard. (AC +9)
You cannot fit into any form of body armour.
You are cold-blooded and may be slowed by cold attacks.
You do not regenerate when monsters are visible.
Potions are less effective at restoring your health.


Message History

The deep elf pyromancer shouts! x2
The deep elf pyromancer gestures at you while chanting.
The sticky flame misses you.
Found a wand of flame (15).
You lunge at the wizard, in a flurry of attacks.
You shred the wizard!!!
You kill the wizard!
The Council accepts your kill.
You hear a shout!
The deep elf sorcerer points at you and mumbles some strange words.
The sphere of damnation explodes!
The damnation engulfs you!!
* * * LOW HITPOINT WARNING * * *
The deep elf pyromancer mumbles some strange words.
The deep elf pyromancer blinks!
Found 26 gold pieces.
The deep elf sorcerer hits you with a +0 long sword!
* * * LOW HITPOINT WARNING * * *
Things that are here:
a +0 dagger; a +0 robe; a human corpse You slice the deep elf sorcerer!!
The deep elf sorcerer is heavily wounded.
The deep elf sorcerer closely misses you.
The deep elf pyromancer barely misses you.
Blink to where?
Press: ? - help, Dir - move target A deep elf archer comes into view.
It is wielding a +0 war axe.
As you read the scroll of blinking, it crumbles to dust.
The deep elf archer shouts!
The deep elf archer unwields a +0 war axe.
The deep elf archer wields a +2 vorpal shortbow.
The deep elf archer shoots an arrow.
The arrow misses you.
Your system partially rejects the healing.
You feel better.
The deep elf archer shoots an arrow.
The arrow completely misses you.
The deep elf pyromancer gestures wildly while chanting.
The deep elf pyromancer blinks!
As you read the scroll of teleportation, it crumbles to dust.
You feel strangely unstable.
The deep elf archer shoots an arrow.
The arrow hits you!!
You die...

## ...#. .# #....+ ..##.....
#.# #...## ....##e.####.#
#...E# #.....#..+...#
############ ....#.).#..#
#.....)).... #e..#.)...+
#..⌠..#..⌠.. # #...#..)..#
#...).#).... #.. #....#)...#
#..<..#..... #....#.#..#.).@#
#.....#.....
#/...'e).§)#...#####..⌠..#..⌠..
$#####.....#.......#...........
#######...################
###'#####......# #...#
##....#...#####.... #..##
#.........# *# .. ###..##
#.........# *# +.....'
#.........# ≈# . +....##


You could see a deep elf archer (repels missiles) and 2 ball lightnings.

Vanquished Creatures
  Kirke (Lair:4)
  An orc warlord (Orc:2)
  Azrael (Elf:1)
  Nessos (D:15)
  Snorg (Lair:6)
  A deep elf death mage (Elf:1)
  4 vault guards (D:14)
  Erolcha (D:10)
  A rakshasa (D:15)
  An ogre mage (D:15)
  12 hydras
  Erica (D:8)
  3 boulder beetles
  3 catoblepae
  5 centaur warriors
  3 death knights
  7 two-headed ogres
  3 dancing weapons (Elf:1)
  A tengu warrior (D:15)
  7 death yaks
  3 orc high priests (Orc:2)
  2 deep elf knights (Elf:1)
  3 skeletal warriors (D:13)
  A deep elf archer (Elf:1)
  A glowing orange brain (D:15)
  2 deep elf zephyrmancers (Elf:1)
  10 wizards
  13 deep elf pyromancers
  5 orc knights
  A wolf spider (D:14)
  5 orc sorcerers
  4 manticores
  16 ugly things
  An oklob plant (Lair:5)
  A faun (shapeshifter) (D:15)
  4 cyclopes
  Maurice (D:8)
  Joseph (D:7)
  6 black mambas
  12 cane toads
  A torpor snail (shapeshifter) (D:15)
  Maggie (D:6)
  A gargoyle (D:11)
  3 efreet
  3 rime drakes
  3 freezing wraiths
  A kobold demonologist (D:10)
  14 komodo dragons
  A tengu conjurer (D:15)
  A jumping spider (shapeshifter) (D:15)
  7 trolls
  3 polar bears
  11 dream sheep
  14 blink frogs
  18 slime creatures
  Sigmund (D:6)
  3 redbacks (Lair:3)
  A water elemental (Elf:1)
  57 yaks
  A shadow (D:10)
  8 wraiths
  4 wyverns
  6 fire elementals (Elf:1)
  3 hogs (Lair:4)
  11 vampire mosquitoes
  A basilisk (D:10)
  6 steam dragons
  4 wargs
  2 swamp worms (Lair:4)
  14 water moccasins
  3 acid dragons
  A hell hound (Elf:1)
  A black bear (shapeshifter) (D:15)
  33 orc warriors
  2 black bears
  10 ogres
  2 boggarts (Elf:1)
  4 sky beasts
  17 wolves
  A necrophage (D:5)
  11 centaurs
  4 kobold brigands
  17 bullfrogs
  2 elf zombies (Ossuary)
  2 scorpions (D:5)
  A water moccasin zombie (D:5)
  A gnoll sergeant (D:8)
  13 killer bees
  4 wights (D:5)
  A howler monkey (D:9)
  5 electric eels
  A bullfrog zombie (D:6)
  7 centaur zombies
  2 hounds (D:5)
  A jelly (D:7)
  Crazy Yiuf (D:6)
  33 orc priests
  A gnoll shaman (D:5)
  2 human zombies (Ossuary)
  2 iguanas
  35 orc wizards
  Natasha (twice) (D:3)
  2 mummies (Ossuary)
  A howler monkey zombie (D:9)
  11 adders
  11 gnolls
  An ufetubus (D:5)
  3 worms (D:2)
  A dart slug (D:4)
  94 orcs
  5 ball pythons
  4 bats
  11 endoplasms
  3 giant cockroaches
  4 goblins
  5 hobgoblins
  2 quokkas
  A frilled lizard (D:1)
  4 goblin zombies (Ossuary)
  5 hobgoblin zombies (Ossuary)
  A jackal zombie (Ossuary)
  20 kobolds
  9 kobold zombies (Ossuary)
  12 orc zombies (Ossuary)
  5 rats
  A rat zombie (Ossuary)
  A bush (Lair:5)
793 creatures vanquished.

Vanquished Creatures (others)
  A deep elf pyromancer (Elf:1)
  A water elemental (Elf:1)
  A sky beast (D:10)
  A gnoll (D:8)
  12 ball lightnings (Elf:1)
  9 fungi
  12 plants
37 creatures vanquished.

Grand Total: 830 creatures vanquished

Notes
Turn   | Place    | Note
-------+----------+-------------------------------------------
     0 | D:1      | kae the Draconian Transmuter began the quest for the Orb.
     0 | D:1      | Reached XP level 1. HP: 16/16 MP: 3/3
   170 | D:1      | Reached XP level 2. HP: 9/23 MP: 3/5
  1694 | D:2      | Reached XP level 3. HP: 29/29 MP: 6/6
  1931 | D:2      | Reached skill level 4 in Unarmed Combat
  2129 | D:1      | Learned a level 3 spell: Spider Form
  2233 | D:2      | Reached XP level 4. HP: 34/36 MP: 7/7
  2853 | D:3      | Reached skill level 1 in Poison Magic
  2970 | D:3      | Noticed Natasha
  2978 | D:3      | Killed Natasha
  3160 | D:3      | Reached XP level 5. HP: 42/42 MP: 4/8
  3243 | D:3      | Learned a level 4 spell: Ice Form
  3452 | D:3      | Noticed Natasha
  3458 | D:3      | Killed Natasha
  3784 | D:3      | Found a faded altar of an unknown god.
  4186 | D:4      | Reached skill level 1 in Ice Magic
  4190 | D:4      | Reached XP level 6. HP: 41/51 MP: 5/9
  4685 | D:4      | Reached skill level 5 in Unarmed Combat
  4837 | D:4      | Found Ingozu's Distillery.
  4842 | D:4      | Bought a potion of curing for 39 gold pieces
  4842 | D:4      | Bought a potion of heal wounds for 65 gold pieces
  4954 | D:5      | Entered Level 5 of the Dungeon
  5122 | D:5      | Your scales start taking on a rich purple colour.
  5122 | D:5      | Reached XP level 7. HP: 17/57 MP: 4/10
  5459 | D:5      | Reached skill level 6 in Unarmed Combat
  5688 | D:5      | Reached XP level 8. HP: 55/67 MP: 2/11
  6107 | D:5      | Found an iron altar of Okawaru.
  6471 | D:5      | Found a runed translucent door.
  6471 | D:5      | Noticed SeagullWaffle's ghost (novice MfSu)
  6635 | D:6      | Noticed Maggie
  6653 | D:6      | Killed Maggie
  6654 | D:6      | Reached skill level 5 in Fighting
  6654 | D:6      | Reached skill level 7 in Unarmed Combat
  6654 | D:6      | Reached skill level 5 in Transmutations
  6654 | D:6      | Reached skill level 5 in Ice Magic
  6766 | D:6      | Noticed Sigmund
  6782 | D:6      | Killed Sigmund
  6889 | D:6      | Reached XP level 9. HP: 46/74 MP: 8/12
  7243 | D:5      | HP: 1/74 [wyvern (18)]
  7245 | D:5      | Reached skill level 8 in Unarmed Combat
  7862 | D:6      | Found a runed translucent door.
  7865 | D:6      | Noticed Crazy Yiuf
  8455 | D:6      | Killed Crazy Yiuf
  8630 | D:7      | Found a sand-covered staircase.
  8720 | Ossuary  | Entered an ossuary
  9202 | D:7      | Reached skill level 9 in Unarmed Combat
  9612 | D:7      | Noticed Joseph
  9695 | D:7      | Killed Joseph
  9967 | D:7      | Found a staircase to the Ecumenical Temple.
 10149 | D:8      | Noticed Erica
 10225 | D:8      | Killed Erica
 10226 | D:8      | Reached skill level 10 in Unarmed Combat
 10226 | D:8      | Reached XP level 10. HP: 86/86 MP: 5/13
 10431 | D:8      | Noticed a two-headed ogre
 10437 | D:8      | Killed a two-headed ogre
 10524 | D:8      | Noticed Maurice
 10537 | D:8      | Killed Maurice
 10896 | Temple   | Entered the Ecumenical Temple
 11093 | Temple   | Became a worshipper of the Wu Jian Council
 11308 | D:9      | Identified the ring of Jituf {rF+ rCorr MP+9 Slay+2}
 11499 | D:9      | Noticed an eight-headed hydra
 11499 | D:9      | Noticed a manticore
 11499 | D:9      | Noticed a green ugly thing
 11499 | D:9      | Noticed a four-headed hydra
 11556 | D:9      | Noticed a tengu warrior
 11559 | D:9      | Noticed a centaur warrior
 11561 | D:9      | Noticed a manticore
 11593 | D:9      | Reached skill level 11 in Unarmed Combat
 11599 | D:9      | Noticed a water nymph
 11600 | D:9      | Noticed a purple ugly thing
 11600 | D:9      | Noticed a manticore
 11645 | D:9      | Noticed a guardian serpent
 11645 | D:9      | a redback changed into a guardian serpent
 12197 | D:10     | Entered Level 10 of the Dungeon
 12197 | D:10     | Noticed a two-headed ogre
 12209 | D:10     | Killed a two-headed ogre
 12279 | D:10     | Noticed Erolcha
 12325 | D:10     | Cast into level 2 of the Abyss (Erolcha)
 12352 | Abyss:2  | Noticed a smoke demon
 12360 | D:10     | Escaped the Abyss
 12368 | D:10     | Killed Erolcha
 12369 | D:10     | Reached XP level 11. HP: 95/95 MP: 14/14
 12568 | D:10     | Reached * piety under Wu Jian
 12591 | D:10     | Reached skill level 12 in Unarmed Combat
 12659 | D:10     | Found Quwuom's Book Shop.
 12696 | D:10     | Noticed a sun demon
 12951 | D:10     | Found a staircase to the Lair.
 13324 | D:11     | Noticed a seven-headed hydra
 13490 | D:11     | Reached skill level 13 in Unarmed Combat
 13534 | D:11     | Reached ** piety under Wu Jian
 13568 | D:11     | Reached skill level 10 in Fighting
 13764 | D:11     | Noticed a six-headed hydra
 13961 | D:11     | Killed a six-headed hydra
 14030 | D:11     | Reached XP level 12. HP: 107/107 MP: 15/15
 14139 | D:11     | Killed a seven-headed hydra
 14140 | D:11     | Reached skill level 10 in Transmutations
 14194 | D:11     | Found a staircase to the Orcish Mines.
 14342 | Lair:1   | Entered Level 1 of the Lair of Beasts
 14605 | Lair:1   | Found a large runed translucent door.
 14605 | Lair:1   | Found a large runed translucent door.
 14626 | Lair:1   | Noticed Nov Bun's ghost (journeyman MiFi)
 14721 | Lair:1   | Reached skill level 14 in Unarmed Combat
 14723 | Lair:1   | Reached *** piety under Wu Jian
 16220 | Lair:3   | Found a hole to the Spider Nest.
 16255 | Lair:3   | Noticed a death yak
 16255 | Lair:3   | Noticed a death yak
 16256 | Lair:3   | Noticed a death yak
 16258 | Lair:3   | Noticed a death yak
 16272 | Lair:2   | Killed a death yak
 16496 | Lair:3   | Reached **** piety under Wu Jian
 16497 | Lair:3   | Reached XP level 13. HP: 108/116 MP: 16/16
 16586 | Lair:3   | Reached skill level 15 in Unarmed Combat
 16629 | Lair:3   | Reached skill level 5 in Dodging
 17721 | Lair:4   | Noticed Kirke
 17758 | Lair:4   | Killed Kirke
 18523 | Lair:4   | Found a staircase to the Swamp.
 18633 | Lair:4   | Reached skill level 16 in Unarmed Combat
 18633 | Lair:4   | Reached ***** piety under Wu Jian
 19291 | Lair:5   | Got the Almanac of Damaging Flight
 19585 | Lair:5   | Identified the +4 scale mail of Cynicism {Will+}
 19644 | Lair:6   | Entered Level 6 of the Lair of Beasts
 19650 | Lair:6   | Reached XP level 14. HP: 127/127 MP: 18/18
 19652 | Lair:6   | Found a staircase to the Slime Pits.
 19652 | Lair:6   | Found a viscous altar of Jiyva.
 20487 | Lair:6   | Noticed Snorg
 20494 | Lair:6   | Killed Snorg
 21444 | Orc:1    | Entered Level 1 of the Orcish Mines
 21681 | D:12     | Found Beopt's Weapon Shoppe.
 22526 | D:13     | Reached skill level 17 in Unarmed Combat
 22719 | D:13     | Found Jejerph's Jewellery Boutique.
 22876 | D:13     | Reached skill level 5 in Spellcasting
 22925 | D:13     | Identified a scroll of acquirement
 22925 | D:13     | Acquired 802 gold pieces
 23817 | D:14     | Reached ****** piety under Wu Jian
 24121 | D:14     | Reached XP level 15. HP: 136/136 MP: 23/23
 24328 | D:14     | HP: 6/163 [vault guard (20)]
 24751 | D:14     | Found a gate to the Vaults.
 25040 | Orc:2    | Entered Level 2 of the Orcish Mines
 25040 | Orc:2    | Found a staircase to the Elven Halls.
 25499 | Orc:2    | Reached skill level 18 in Unarmed Combat
 25551 | Orc:2    | Noticed an orc warlord
 25608 | Orc:2    | Killed an orc warlord
 26298 | Orc:2    | Found Ustrilukh's Antique Armour Shoppe.
 26299 | Orc:2    | Found Dirghuh's Antique Weapon Emporium.
 26301 | Orc:2    | Found Diph's General Store.
 26301 | Orc:2    | Found Leenes's Jewellery Shoppe.
 26317 | Orc:2    | Bought a book of Transfigurations for 440 gold pieces
 26572 | Orc:2    | Learned a level 5 spell: Blade Hands
 26580 | Orc:2    | Learned a level 7 spell: Dragon Form
 27265 | D:15     | Entered Level 15 of the Dungeon
 27916 | D:15     | Found a staircase to the Depths.
 28059 | D:15     | Noticed Nessos
 28393 | D:15     | Killed Nessos
 28394 | D:15     | Reached XP level 16. HP: 122/146 MP: 9/28
 28396 | D:15     | Gained mutation: You do not regenerate when monsters are
                  | visible. [mutagenic glow]
 28413 | D:15     | Gained mutation: Potions are less effective at restoring
                  | your health. [mutagenic glow]
 29055 | Elf:1    | Entered Level 1 of the Elven Halls
 29565 | Elf:1    | Noticed Azrael
 29581 | Elf:1    | Killed Azrael
 30292 | Elf:1    | Reached skill level 10 in Dodging
 30308 | Elf:1    | HP: 4/146 [deep elf sorcerer (15)]
 30312 | Elf:1    | Shot with an arrow by a deep elf archer

Illustrated notes

Levels and vault maps discovered:
D:1:      heliophobic_arrival_enchanted_forest, layout_loops_corners,
          serial_co_window_serial, co_window_paths_a, co_window_paths_b,
          co_window_corner_a, co_window_cross_1, co_window_of_opportunity_a,
          co_window_corner_a, co_window_corner_a, co_window_of_opportunity_a,
          co_window_paths_b, co_window_2corner, co_window_corner_cb,
          co_window_paths_c, co_window_corner_cb, co_window_paths_e,
          glass_columns_a
D:2:      layout_basic, minmay_cut_off
D:3:      layout_loops_cross, ebering_ecumenical_altar_hall, uniq_natasha
D:4:      layout_gridville, serial_shops, kennysheep_little_box
D:5:      layout_loops_ring, okawaru_ov_weapons_minmay, gammafunk_ghost_grave
D:6:      layout_cave_pods, minmay_misc_feat_more_columns, uniq_sigmund,
          uniq_crazy_yiuf_cottage, uniq_maggie
D:7:      layout_basic, minmay_temple_entry_poolview,
          chequers_ossuary_entry_cave, minmay_strange_pillars, uniq_joseph
D:8:      layout_cave_pools, uniq_erica, uniq_maurice
D:9:      layout_cave_pods, minivault_12
D:10:     layout_cave_pools, erik_lair_dragon, serial_shops,
          nicolae_square_shop, hangedman_misty_isle, uniq_erolcha
D:11:     layout_cave_pools, erik_orc_2, grunt_decor_mini_mirrors,
          nrook_campfire, minmay_diced_spiral
D:12:     layout_big_octagon, serial_shops, shop
D:13:     minmay_wizard_corner, layout_stronghold, serial_shops, shop,
          grunt_decor_cap
D:14:     layout_roguey, lightli_vaults_fourway_checkpoint, hangedman_decor_push
D:15:     gammafunk_enter_depths_forms, layout_long_grid, roderic_lattice_a,
          minmay_curled_crystal, uniq_nessos
Temple:   minmay_crystal_snake_temple
Lair:1:   layout_gridlike, ebering_ghost_disaster_area, st_stairs_5,
          serial_bayou_ford_a
Lair:2:   layout_roguey
Lair:3:   layout_hall_layers, spider_nest_entry_webs, grunt_megastairs_4
Lair:4:   layout_misc_corridors, nicolae_swamp_entry_splash_gauntlet,
          grunt_megastairs_2, uniq_kirke
Lair:5:   layout_gridlike, minmay_lair_oklob_items, gammafunk_lair_bear_cave,
          grunt_megastairs_3
Lair:6:   evilmike_catoblepas_cave, layout_regular_city, slime_altar_1,
          serial_bayou_shore_a, uniq_snorg
Orc:1:    layout_caves
Orc:2:    st_orc_congregation, layout_diamond_mine
Elf:1:    nicolae_elf_arrival_fired_up, layout_gridlike, serial_aquarium,
          aquarium_bridge_long_joined [aquarium_subvault_window,
          aquarium_subvault_balcony, aquarium_subvault_bridge,
          aquarium_subvault_wall, aquarium_subvault_balcony,
          aquarium_subvault_wall], aquarium_bridge_island_small
          [aquarium_subvault_small_open, aquarium_subvault_wall,
          aquarium_subvault_bridge, aquarium_subvault_balcony,
          aquarium_subvault_window], aquarium_window_1, aquarium_window_1,
          aquarium_window_corner, aquarium_window_corridor_1, aquarium_view_2b,
          aquarium_view_2d, hangedman_elf_disciples, uniq_azrael

Skill      XL: |  1  2  3  4  5  6  7  8  9 10 11 12 13 14 15 16 |
---------------+-------------------------------------------------+-----
Fighting       | 2 3 4 5 7 8 10 11 12 13 14 | 14.1
Unarmed Combat | 4 5 6 7 10 11 13 14 16 17 18 | 18.9
Poison Magic   | 1 2 |  2.0
Transmutations | 3 4 5 7 8 9 11 12 13 14 | 14.3
Ice Magic      | 1 2 4 5 |  5.0
Dodging        | 2 4 6 8 9 10 | 10.0
Spellcasting   | 5 8 |  8.0

Action                   |  1- 3 |  4- 6 |  7- 9 | 10-12 | 13-15 | 16-18 || total
-------------------------+-------+-------+-------+-------+-------+-------++-------
Melee: Unarmed           |   102 |   157 |   288 |   423 |  1018 |   112 ||  2100
       Headbutt          |     8 |     8 |       |       |       |       ||    16
       Tailslap          |     7 |     6 |     4 |     4 |    26 |    12 ||    59
       Kick              |     8 |    20 |       |       |     1 |       ||    29
       Punch             |       |     1 |       |       |     7 |     8 ||    16
       Bite              |       |       |       |       |     2 |     2 ||     4
 Cast: Beastly Appendage |    18 |    22 |       |       |     2 |       ||    42
       Spider Form       |     1 |     8 |     6 |       |       |       ||    15
       Ice Form          |       |       |    22 |    59 |    93 |       ||   174
       Blade Hands       |       |       |       |       |    10 |    11 ||    21
       Dragon Form       |       |       |       |       |     3 |     1 ||     4
Invok: Lunge             |       |       |       |    33 |    91 |    10 ||   134
       Whirlwind         |       |       |       |     4 |    34 |     4 ||    42
 Abil: Breathe Dispellin |       |       |     2 |     1 |     6 |       ||     9
  Use: Scroll            |     3 |     7 |     6 |     7 |    10 |     3 ||    36
       Potion            |       |       |     2 |     1 |     2 |     2 ||     7
 Stab: Sleeping          |     1 |       |       |       |       |       ||     1
       Distracted        |       |       |       |       |     1 |       ||     1
Armor: Skin              |    25 |    26 |    74 |   135 |   242 |    28 ||   530
Dodge: Dodged            |    65 |   107 |   171 |   173 |   476 |    59 ||  1051

Table legend: (Time is in decaauts)
 A = Elapsed time spent in this place.
 B = Non-inter-level travel time spent in this place.
 C = Inter-level travel time spent in this place.
 D = Time resting spent in this place.
 E = Time spent auto-exploring this place.
 F = Levels seen in this place.
 G = Mean time per level.
                   A        B        C        D        E       F      G
               +--------+--------+--------+--------+--------+-----+--------+
         Total |  29955 |  28276 |   1679 |   2067 |  21155 |  27 | 1109.4 |
       Dungeon |  19093 |  17904 |   1189 |    863 |  14018 |  15 | 1272.9 |
        Temple |    231 |    165 |     66 |      0 |    144 |   1 |  231.0 |
          Lair |   6892 |   6612 |    280 |    814 |   4705 |   6 | 1148.7 |
  Orcish Mines |   2071 |   1929 |    142 |    226 |   1151 |   2 | 1035.5 |
   Elven Halls |   1226 |   1226 |      0 |    109 |    928 |   1 | 1226.0 |
         Abyss |     34 |     34 |      0 |      0 |     10 |   1 |   34.0 |
       Ossuary |    405 |    405 |      0 |     55 |    198 |   1 |  405.0 |
               +--------+--------+--------+--------+--------+-----+--------+

Top non-repeatable levels by time:
     D:5: 1853 daAuts
     D:1: 1788 daAuts
     D:6: 1731 daAuts
    D:14: 1644 daAuts
    D:13: 1543 daAuts
  Lair:5: 1497 daAuts
   Orc:2: 1342 daAuts
  Lair:4: 1298 daAuts
    D:15: 1292 daAuts
     D:7: 1260 daAuts
     D:3: 1253 daAuts
   Elf:1: 1226 daAuts
    D:11: 1211 daAuts
  Lair:6: 1124 daAuts
  Lair:3: 1108 daAuts
